Map: Deathaura LE

Players

Penguin - Winner!

  • Race: Protoss Protoss
  • League: Diamond
  • Spawn Location: 5:00

phiL

  • Race: Protoss Protoss
  • League: Master
  • Spawn Location: 11:00

VOD

Have the link to the VOD?

Description

Time

  • Played on: Aug. 31, 2020, 1:25 p.m.
  • Length: 6:39
Show
View Real Time Build Order
Export as new Build Order

Penguin Protoss - Winner!

Build Orders:  

Get SALT Encoding   

  12  0:00  Probe  
  13  0:12  Probe  
  14  0:17  Pylon  
  14  0:24  Probe  
  15  0:37  Probe (Chrono Boost)  
  15  0:38  Gateway  
  16  0:48  Probe (Chrono Boost), Assimilator  
  17  0:53  Probe (Chrono Boost)  
  18  0:59  Assimilator  
  18  1:03  Probe  
  19  1:15  Probe  
  19  1:16  Gateway  
  20  1:28  Cybernetics Core  
  20  1:29  Probe (Chrono Boost)  
  21  1:39  Probe (Chrono Boost)  
  22  1:42  Pylon  
  22  1:44  Probe  
  23  2:04  Stalker x2  
  23  2:05  Warp Gate  
  27  2:12  Pylon  
  27  2:26  Twilight Council  
  27  2:29  Pylon  
  27  2:52  Nexus  
  27  2:59  Robotics Facility  
  27  3:04  Charge (Chrono Boost)  
  27  3:15  Stalker  
  29  3:25  Gateway  
  29  3:31  Gateway  
  29  3:46  Warp Prism  
  31  3:55  Probe  
  32  4:04  Gateway  
  32  4:10  Probe x2  
  32  4:16  Gateway  
  34  4:24  Pylon  
  34  4:27  Pylon  
  34  4:31  Zealot  
  36  4:35  Zealot  
  38  4:40  Zealot  
  38  4:42  Zealot  
  42  4:57  Zealot x2  
  46  5:02  Zealot  
  46  5:03  Zealot x2  
  52  5:24  Zealot x3  
  52  5:25  Zealot x2  
  52  5:26  Zealot  
  50  5:46  Zealot x2  
  50  5:47  Zealot x3  
  48  5:58  Zealot  
  44  6:10  Zealot x5  
  50  6:22  Zealot  
  46  6:37  Zealot x2  
Show
View Real Time Build Order
Export as new Build Order

phiL Protoss 

Build Orders: Phoenix Opening 

Get SALT Encoding   

  12  0:00  Probe  
  13  0:12  Probe  
  14  0:17  Pylon  
  14  0:24  Probe  
  15  0:36  Probe (Chrono Boost)  
  15  0:39  Gateway  
  16  0:47  Assimilator  
  16  0:48  Probe (Chrono Boost)  
  17  0:53  Probe (Chrono Boost)  
  17  0:56  Assimilator  
  18  1:03  Probe  
  19  1:13  Gateway  
  19  1:17  Probe  
  20  1:27  Cybernetics Core  
  20  1:29  Probe  
  21  1:42  Pylon  
  21  1:43  Probe  
  22  1:55  Probe  
  23  2:04  Sentry  
  23  2:05  Stalker  
  23  2:07  Probe  
  28  2:20  Warp Gate  
  28  2:23  Pylon  
  28  2:26  Probe  
  29  2:35  Pylon  
  28  2:47  Stalker x2  
  32  2:52  Cybernetics Core  
  32  2:56  Phoenix  
  32  2:57  Nexus  
  32  3:03  Probe  
  33  3:06  Shield Battery  
  32  3:19  Robotics Facility, Sentry  
  34  3:24  Sentry  
  36  3:28  Probe  
  37  3:40  Probe  
  38  3:42  Robotics Facility  
  38  3:52  Probe  
  39  4:04  Twilight Council  
  39  4:08  Probe, Forge  
  39  4:09  Probe  
  41  4:11  Pylon  
  41  4:14  Assimilator  
  41  4:20  Probe  
  41  4:24  Probe, Gateway  
  44  4:33  Probe  
  44  4:36  Probe, Gateway  
  46  4:50  Immortal (Chrono Boost)  
  45  4:58  Shield Battery  
  49  5:04  Stalker  
  51  5:07  Probe  
  51  5:08  Probe  
  53  5:24  Shield Battery  
  53  5:25  Stalker  
  53  5:33  Stalker x2  
  53  5:45  Pylon  
  53  5:47  Immortal (Chrono Boost)  
  35  6:03  Zealot  
Tags
 
Add a new tag
Caveats
  • Supply blocks, unpowered buildings, or Contaminate may cause inaccurate times.
  • Supply counts are checked every 10 seconds.